 Dungeon Sprint DCSS version 0.19-a0-330-g034cfd4 (webtiles) character file.

14 oplop the Sneak (level 2, -1/13 HPs)
             Began as a Vine Stalker Enchanter on May 28, 2016.
             Killed from afar by an orc wizard (5 damage)
             ... with a puff of flame
             ... in the Dungeon (Sprint IX: "|||||||||||||||||||||||||||||").
             The game lasted 00:00:17 (72 turns).

oplop the Sneak (Vine Stalker Enchanter)              Turns: 72, Time: 00:00:18

Health: -1/13      AC:  3    Str: 10    XL:     2   Next: 41%
Magic:  0/7        EV: 12    Int: 15    God:
Gold:   0          SH:  0    Dex: 14    Spells: 2 memorised, 4 levels left

rFire  . . .     SeeInvis .     a - +1 dagger
rCold  . . .     Gourm    .     b - +1 robe
rNeg   . . .     Faith    .     (no shield)
rPois  .         Spirit   +     (no helmet)
rElec  .         Dismiss  .     (no cloak)
rCorr  .         Reflect  .     (no gloves)
SustAt .         Harm     .     (no boots)
MR     .....     NoTele   +     (no amulet)
Stlth  +++.......               (no ring)
                                (no ring)

@: not resistant to hostile enchantments, fairly stealthy
A: fangs 2, regeneration 1, magic shield, antimagic bite, no device heal 3, rot
immunity
a: no special abilities


You were in the Dungeon.
You were not hungry.

You visited 1 branch

Inventory:

Hand Weapons
 a - a +1 dagger (weapon)
Armour
 b - a +1 robe (worn)
Scrolls
 j - a scroll of blinking
Potions
 e - a potion of curing
 f - a potion of heal wounds
 g - a potion of haste
 h - 2 potions of magic
 i - a potion of berserk rage
Books
 c - a book of Maledictions

   Spells                             Type                      Level
   a - Corona                         Hexes                        1
   b - Ensorcelled Hibernation        Hexes/Ice                    2
   c - Confuse                        Hexes                        3
   d - Tukima's Dance                 Hexes                        3
   e - Dazzling Spray                 Conjuration/Hexes            3
Comestibles
 d - a bread ration
 k - a chunk of flesh


   Skills:
 - Level 0.8 Short Blades
 - Level 1.5 Dodging
 + Level 5.1 Stealth
 + Level 3.4 Spellcasting
 + Level 4.0 Hexes


You had 4 spell levels left.
You knew the following spells:

 Your Spells              Type           Power        Failure   Level  Hunger
a - Corona                Hex            ##.....      4%          1    None
b - Ensorcelled Hibernat  Hex/Ice        #.....       14%         2    ##.....


Dungeon Overview and Level Annotations

Branches:
Dungeon (1/1)

Altars:


Innate Abilities, Weirdness & Mutations

You have extremely sharp teeth.
Your natural rate of healing is unusually fast.
When hurt, damage is shared between your health and your magic reserves.
Your bite disrupts and absorbs the magic of your enemies.
Potions and wands cannot restore your health.
You are immune to rotting.


Message History

The orc wizard seems to speed up.
The quokka misses you.
You barely miss the quokka. Your bite misses the quokka.
The quokka is heavily wounded.
The quokka bites you.
You hit the quokka.
You kill the quokka!
Your Hexes skill increases to level 4!
You barely miss the orc wizard. Your bite misses the orc wizard.
The orc wizard closely misses you. The orc wizard hits you with a dagger.
You barely miss the orc wizard.
You bite the orc wizard, but do no damage.
The orc wizard hits you with a dagger.
You barely miss the orc wizard.
The orc wizard hits you but does no damage.
The orc wizard hits you with a dagger.
You hit the orc wizard.
The orc wizard is lightly wounded.
The orc wizard points at you and mumbles some strange words.
The puff of flame hits you!
You die... ▓▓▓▓▓▓▓▓▓▓▓▓▓▓▓▓▓▓ ▓<...')...@o.....+ ▓▓▓▓▓▓▓▓▓▓▓▓▓▓▓▓▓▓

You could see an orc wizard.

Vanquished Creatures
  An ooze (D)
  A giant gecko (D)
  A hobgoblin (D)
  A kobold (D)
  A quokka (D)
  A giant gecko skeleton (D)
  2 giant newts (D)
  A jackal skeleton (D)
9 creatures vanquished.

Notes
Turn   | Place    | Note
--------------------------------------------------------------
     0 | D        | oplop the Vine Stalker Enchanter began the quest for the Orb.
     0 | D        | Reached XP level 1. HP: 9/9 MP: 4/4
     8 | D        | Reached skill level 4 in Stealth
    17 | D        | Reached XP level 2. HP: 5/13 MP: 4/7
    55 | D        | Learned a level 2 spell: Ensorcelled Hibernation
    60 | D        | Reached skill level 5 in Stealth
    72 | D        | Killed from afar by an orc wizard

Vault maps used:
D:        linesprint

Skill      XL: |  1  2 |
---------------+-------+-----
Stealth        | 4 5 |  5.1
Spellcasting   | 3 |  3.4
Hexes          | 4 |  4.0
Short Blades   | |  0.8
Dodging        | |  1.5

Action                   || total
-------------------------++-------
Melee: Dagger            ||    33
       Bite              ||    10
Armor: Robe              ||     3
Dodge: Dodged            ||    10
